[ AOE2 MATCH · #494902065 ]
UnrankedIncas vs Huns
Player's team · LOSS
Rival team · WIN
[ REPLAY ANALYSIS · EXTRACTED FROM THE RECORDED GAME ]
Feudal
8:51
Castle
21:20
Imperial
28:57
| APM avg | 47.6 |
| APM peak | 89 |
| eAPM avg | 26.5 |
| Villagers / military | 108 / 35 |
Focus
⚔️ 32.7% · 🌾 67.3%
Kamayuk ×15 · Trebuchet (Packed) ×8 · Monk ×7 · Spearman ×5 · Unknown (2550) ×4
Feudal
11:21
Castle
15:38
Imperial
30:14
| APM avg | 38.0 |
| APM peak | 93 |
| eAPM avg | 23.7 |
| Villagers / military | 219 / 97 |
Focus
⚔️ 33.7% · 🌾 66.3%
Militia ×77 · Battering Ram ×16 · Tarkan ×2 · Petard ×1 · Trebuchet (Packed) ×1
Match map
Initial resources + every placement click. Lines = walls · curves = elevation contours. ◆ gold · ⬟ stone · ● berries · ✦ relic · ◌ wall gap
Your base· ✓ Closed at 21:20 · 9t walls · 3 gate(s)
Čiko's base· ✓ Closed at 15:38 · 21t walls · 2 gate(s)
Smoothed initial terrain · ◌ = detected wall gap · hover for details
Inputs per minute
— Mascherano014 - - Čiko
Build order — Mascherano014
First 150 of 246 actions detected
| 0:01 | Create | Villager (Male) |
| 0:01 | Create | Villager (Male) |
| 0:01 | Create | Villager (Male) |
| 0:02 | Build | House |
| 0:04 | Build | House |
| 0:07 | Create | Villager (Male) |
| 0:07 | Create | Villager (Male) |
| 1:33 | Create | Villager (Male) |
| 1:33 | Create | Villager (Male) |
| 1:48 | Build | Settlement |
| 2:02 | Create | Villager (Male) |
| 2:02 | Create | Villager (Male) |
| 2:04 | Create | Villager (Male) |
| 2:05 | Create | Villager (Male) |
| 2:31 | Create | Villager (Male) |
| 2:31 | Create | Villager (Male) |
| 2:48 | Create | Villager (Male) |
| 2:49 | Create | Villager (Male) |
| 3:06 | Create | Villager (Male) |
| 3:47 | Create | Villager (Male) |
| 4:00 | Create | Villager (Male) |
| 4:00 | Create | Villager (Male) |
| 4:00 | Create | Villager (Male) |
| 4:33 | Create | Villager (Male) |
| 4:44 | Create | Villager (Male) |
| 4:48 | Create | Villager (Male) |
| 4:56 | Create | Villager (Male) |
| 5:22 | Create | Villager (Male) |
| 5:23 | Create | Villager (Male) |
| 5:23 | Create | Villager (Male) |
| 5:36 | Create | Villager (Male) |
| 5:36 | Create | Villager (Male) |
| 5:36 | Create | Villager (Male) |
| 5:51 | Research | Loom |
| 5:57 | Build | Barracks |
| 6:23 | Research | Feudal Age |
| 6:56 | Create | Unit 2550 |
| 6:57 | Create | Unit 2550 |
| 7:26 | Create | Unit 2550 |
| 7:54 | Create | Unit 2550 |
| 8:10 | Create | Villager (Male) |
| 8:51 | Age | Feudal Age |
| 8:58 | Create | Villager (Male) |
| 9:06 | Build | Watch Tower |
| 9:13 | Create | Villager (Male) |
| 9:44 | Build | Watch Tower |
| 9:57 | Create | Villager (Male) |
| 10:01 | Build | Settlement |
| 10:26 | Create | Villager (Male) |
| 11:29 | Create | Villager (Male) |
| 11:30 | Create | Villager (Male) |
| 11:45 | Create | Villager (Male) |
| 11:46 | Create | Villager (Male) |
| 11:53 | Research | Double-Bit Axe |
| 11:54 | Research | Double-Bit Axe |
| 12:08 | Create | Villager (Male) |
| 12:08 | Create | Villager (Male) |
| 12:19 | Create | Villager (Male) |
| 12:25 | Build | Farm |
| 12:27 | Build | Farm |
| 12:28 | Build | Farm |
| 12:39 | Build | Farm |
| 12:47 | Create | Villager (Male) |
| 12:47 | Create | Villager (Male) |
| 12:53 | Create | Villager (Male) |
| 13:02 | Build | Farm |
| 13:16 | Build | Watch Tower |
| 13:19 | Research | Town Watch |
| 13:20 | Create | Villager (Male) |
| 13:29 | Create | Villager (Male) |
| 13:41 | Create | Villager (Male) |
| 13:41 | Create | Villager (Male) |
| 13:52 | Build | Blacksmith |
| 14:05 | Build | Watch Tower |
| 14:13 | Create | Villager (Male) |
| 14:15 | Build | Settlement |
| 14:20 | Create | Villager (Male) |
| 14:25 | Build | Farm |
| 15:19 | Build | Palisade Wall |
| 15:24 | Create | Villager (Male) |
| 15:25 | Create | Villager (Male) |
| 15:29 | Research | Fletching |
| 15:29 | Create | Villager (Male) |
| 15:31 | Build | Farm |
| 15:32 | Build | Farm |
| 15:40 | Create | Villager (Male) |
| 15:47 | Create | Villager (Male) |
| 15:50 | Create | Villager (Male) |
| 15:54 | Build | Farm |
| 16:11 | Create | Villager (Male) |
| 16:12 | Create | Villager (Male) |
| 16:24 | Create | Villager (Male) |
| 16:26 | Build | Farm |
| 16:30 | Build | Stone Wall |
| 16:30 | Build | Stone Wall |
| 16:31 | Build | Stone Wall |
| 16:32 | Build | Stone Wall |
| 16:32 | Build | Stone Wall |
| 16:33 | Build | Stone Wall |
| 16:34 | Build | Stone Wall |
| 16:34 | Build | Stone Wall |
| 16:43 | Build | Stone Wall |
| 16:52 | Create | Villager (Male) |
| 16:55 | Build | Farm |
| 16:56 | Create | Villager (Male) |
| 17:41 | Build | Market |
| 18:01 | Create | Spearman |
| 18:40 | Research | Castle Age |
| 18:40 | Research | Castle Age |
| 18:51 | Create | Spearman |
| 19:03 | Build | Outpost |
| 19:06 | Build | Outpost |
| 19:23 | Research | Horse Collar |
| 19:24 | Research | Horse Collar |
| 19:51 | Build | House |
| 20:11 | Build | Outpost |
| 20:15 | Build | Outpost |
| 20:31 | Research | Stone Mining |
| 20:34 | Research | Gold Mining |
| 20:39 | Build | House |
| 20:41 | Build | House |
| 21:05 | Create | Villager (Male) |
| 21:06 | Create | Villager (Male) |
| 21:15 | Create | Villager (Male) |
| 21:20 | Age | Castle Age |
| 21:42 | Build | Monastery |
| 21:59 | Create | Villager (Male) |
| 22:15 | Create | Monk |
| 22:19 | Create | Villager (Male) |
| 22:47 | Create | Villager (Male) |
| 23:00 | Build | Castle |
| 23:07 | Create | Monk |
| 23:09 | Create | Villager (Male) |
| 23:11 | Build | Farm |
| 23:14 | Build | Farm |
| 23:27 | Create | Villager (Male) |
| 23:51 | Create | Spearman |
| 24:03 | Create | Villager (Male) |
| 24:16 | Build | Farm |
| 24:16 | Create | Villager (Male) |
| 24:48 | Build | Settlement |
| 25:47 | Research | Imperial Age |
| 26:34 | Build | Palisade Gate |
| 26:36 | Build | House |
| 27:01 | Create | Kamayuk |
| 27:01 | Create | Kamayuk |
| 27:17 | Create | Monk |
| 27:17 | Create | Monk |
| 27:23 | Build | Palisade Gate |
| 27:36 | Create | Kamayuk |
Build order — Čiko
First 150 of 432 actions detected
| 0:01 | Create | Villager (Male) |
| 0:01 | Create | Villager (Male) |
| 0:12 | Create | Villager (Male) |
| 0:12 | Create | Villager (Male) |
| 1:04 | Create | Villager (Male) |
| 1:45 | Build | Lumber Camp |
| 1:52 | Create | Villager (Male) |
| 1:52 | Create | Villager (Male) |
| 2:18 | Create | Villager (Male) |
| 2:18 | Create | Villager (Male) |
| 2:34 | Create | Villager (Male) |
| 3:07 | Create | Villager (Male) |
| 3:07 | Create | Villager (Male) |
| 3:15 | Create | Villager (Male) |
| 3:16 | Create | Villager (Male) |
| 3:31 | Create | Villager (Male) |
| 3:31 | Create | Villager (Male) |
| 3:56 | Create | Villager (Male) |
| 4:01 | Create | Villager (Male) |
| 4:01 | Create | Villager (Male) |
| 4:39 | Build | Mill |
| 4:46 | Research | Loom |
| 5:15 | Create | Villager (Male) |
| 5:15 | Create | Villager (Male) |
| 5:15 | Create | Villager (Male) |
| 5:40 | Build | Farm |
| 6:16 | Create | Villager (Male) |
| 6:22 | Create | Villager (Male) |
| 6:22 | Create | Villager (Male) |
| 6:24 | Build | Farm |
| 6:41 | Create | Villager (Male) |
| 7:09 | Build | Mining Camp |
| 7:14 | Create | Villager (Male) |
| 7:14 | Create | Villager (Male) |
| 7:54 | Build | Farm |
| 8:37 | Research | Feudal Age |
| 8:59 | Build | Mining Camp |
| 9:52 | Create | Villager (Male) |
| 10:33 | Build | Palisade Wall |
| 10:43 | Create | Villager (Male) |
| 10:54 | Build | Palisade Wall |
| 11:21 | Age | Feudal Age |
| 11:24 | Build | Market |
| 11:28 | Build | Blacksmith |
| 11:33 | Build | Palisade Wall |
| 12:01 | Build | Palisade Wall |
| 12:07 | Build | Palisade Wall |
| 12:16 | Research | Loom |
| 12:30 | Build | Palisade Wall |
| 12:31 | Build | Palisade Wall |
| 12:58 | Research | Castle Age |
| 13:30 | Build | Watch Tower |
| 13:36 | Build | Stone Wall |
| 13:38 | Build | Stone Wall |
| 13:40 | Build | Stone Wall |
| 14:51 | Build | Palisade Wall |
| 14:52 | Build | Palisade Wall |
| 15:10 | Create | Villager (Male) |
| 15:37 | Create | Villager (Male) |
| 15:38 | Age | Castle Age |
| 15:42 | Build | Town Center |
| 15:56 | Create | Villager (Male) |
| 16:03 | Build | Castle |
| 16:13 | Create | Villager (Male) |
| 16:42 | Build | Town Center |
| 17:01 | Build | Outpost |
| 17:04 | Build | Outpost |
| 17:05 | Build | Outpost |
| 17:08 | Build | Outpost |
| 17:14 | Create | Villager (Male) |
| 17:20 | Build | Farm |
| 17:36 | Create | Villager (Male) |
| 17:39 | Build | Farm |
| 17:52 | Create | Villager (Male) |
| 18:17 | Build | Farm |
| 18:21 | Build | Farm |
| 18:22 | Create | Villager (Male) |
| 18:31 | Build | Farm |
| 18:33 | Create | Villager (Male) |
| 18:33 | Create | Villager (Male) |
| 18:47 | Create | Villager (Male) |
| 18:47 | Create | Villager (Male) |
| 18:49 | Build | Farm |
| 18:49 | Build | Farm |
| 18:55 | Build | Farm |
| 18:59 | Create | Villager (Male) |
| 19:00 | Create | Villager (Male) |
| 19:12 | Create | Villager (Male) |
| 19:12 | Create | Villager (Male) |
| 19:15 | Build | Farm |
| 19:20 | Create | Villager (Male) |
| 19:21 | Create | Villager (Male) |
| 19:25 | Build | Farm |
| 19:30 | Create | Villager (Male) |
| 19:34 | Build | Farm |
| 19:37 | Create | Villager (Male) |
| 19:39 | Create | Villager (Male) |
| 19:40 | Build | Farm |
| 19:54 | Create | Villager (Male) |
| 20:02 | Build | Farm |
| 20:04 | Create | Villager (Male) |
| 20:08 | Create | Villager (Male) |
| 20:19 | Create | Villager (Male) |
| 20:25 | Build | Farm |
| 20:27 | Build | Farm |
| 20:33 | Create | Villager (Male) |
| 20:34 | Create | Villager (Male) |
| 20:42 | Create | Villager (Male) |
| 20:43 | Create | Villager (Male) |
| 20:55 | Research | Double-Bit Axe |
| 20:58 | Create | Villager (Male) |
| 20:59 | Create | Villager (Male) |
| 21:05 | Build | Farm |
| 21:13 | Build | Farm |
| 21:13 | Create | Villager (Male) |
| 21:13 | Create | Villager (Male) |
| 21:14 | Create | Villager (Male) |
| 21:24 | Create | Villager (Male) |
| 21:28 | Build | Farm |
| 21:31 | Build | Farm |
| 21:36 | Build | Farm |
| 21:36 | Create | Villager (Male) |
| 21:37 | Create | Villager (Male) |
| 21:37 | Create | Villager (Male) |
| 21:47 | Build | Farm |
| 21:47 | Build | Farm |
| 21:51 | Create | Villager (Male) |
| 21:58 | Research | Horse Collar |
| 21:58 | Research | Horse Collar |
| 22:02 | Create | Villager (Male) |
| 22:03 | Build | Farm |
| 22:13 | Create | Villager (Male) |
| 22:14 | Create | Villager (Male) |
| 22:19 | Create | Villager (Male) |
| 22:21 | Build | Farm |
| 22:22 | Create | Villager (Male) |
| 22:23 | Create | Villager (Male) |
| 22:35 | Research | Bow Saw |
| 22:37 | Create | Villager (Male) |
| 22:47 | Create | Villager (Male) |
| 22:49 | Create | Villager (Male) |
| 22:51 | Build | Farm |
| 22:56 | Build | Farm |
| 22:58 | Build | Farm |
| 23:00 | Create | Villager (Male) |
| 23:03 | Create | Tarkan |
| 23:09 | Create | Villager (Male) |
| 23:15 | Build | Farm |
| 23:18 | Create | Villager (Male) |
| 23:18 | Create | Villager (Male) |
Match timeline
| 5:57 | Mascherano014 · first_building Barracks |
| 8:51 | Mascherano014 · age_up feudal |
| 10:33 | Čiko · wall_segment Palisade Wall x1 |
| 10:54 | Čiko · wall_segment Palisade Wall x6 |
| 11:21 | Čiko · age_up feudal |
| 11:33 | Čiko · wall_segment Palisade Wall x1 |
| 12:01 | Čiko · wall_segment Palisade Wall x7 |
| 12:07 | Čiko · wall_segment Palisade Wall x3 |
| 12:30 | Čiko · wall_segment Palisade Wall x1 |
| 12:31 | Čiko · wall_segment Palisade Wall x1 |
| 13:36 | Čiko · wall_segment Stone Wall x1 |
| 13:38 | Čiko · wall_segment Stone Wall x1 |
| 13:40 | Čiko · wall_segment Stone Wall x1 |
| 14:51 | Čiko · wall_segment Palisade Wall x1 |
| 14:52 | Čiko · wall_segment Palisade Wall x1 |
| 15:19 | Mascherano014 · wall_segment Palisade Wall x1 |
| 15:38 | Čiko · age_up castle |
| 16:03 | Čiko · first_building Castle |
| 16:30 | Mascherano014 · wall_segment Stone Wall x1 |
| 16:30 | Mascherano014 · wall_segment Stone Wall x1 |
| 16:31 | Mascherano014 · wall_segment Stone Wall x1 |
| 16:32 | Mascherano014 · wall_segment Stone Wall x1 |
| 16:32 | Mascherano014 · wall_segment Stone Wall x1 |
| 16:33 | Mascherano014 · wall_segment Stone Wall x1 |
| 16:34 | Mascherano014 · wall_segment Stone Wall x1 |
| 16:34 | Mascherano014 · wall_segment Stone Wall x1 |
| 16:43 | Mascherano014 · wall_segment Stone Wall x2 |
| 20:57 | Čiko · first_market_buy 100 food |
| 21:20 | Mascherano014 · age_up castle |
| 21:42 | Mascherano014 · first_building Monastery |
| 23:00 | Mascherano014 · first_building Castle |
| 24:18 | Mascherano014 · first_market_sell 500 wood |
| 25:18 | Mascherano014 · first_market_buy 100 food |
| 26:43 | Čiko · first_market_sell 500 wood |
| 28:44 | Čiko · wall_segment Stone Wall x7 |
| 28:57 | Mascherano014 · age_up imperial |
| 29:04 | Čiko · first_building Siege Workshop |
| 29:25 | Čiko · wall_segment Stone Wall x3 |
| 29:26 | Čiko · wall_segment Stone Wall x1 |
| 30:14 | Čiko · age_up imperial |
| 30:48 | Čiko · first_building Barracks |
| 31:55 | Čiko · wall_segment Stone Wall x15 |
| 31:59 | Čiko · wall_segment Stone Wall x2 |
| 31:59 | Čiko · wall_segment Stone Wall x1 |
| 32:00 | Čiko · wall_segment Stone Wall x1 |
| 32:01 | Čiko · wall_segment Stone Wall x1 |
| 32:03 | Čiko · wall_segment Stone Wall x1 |
| 32:04 | Čiko · wall_segment Stone Wall x1 |
| 32:36 | Čiko · wall_segment Stone Wall x5 |
| 33:22 | Čiko · wall_segment Stone Wall x8 |
| 34:02 | Čiko · wall_segment Stone Wall x1 |
| 34:04 | Čiko · wall_segment Stone Wall x8 |
| 34:09 | Čiko · wall_segment Stone Wall x1 |
| 34:26 | Čiko · wall_segment Stone Wall x1 |
| 34:28 | Čiko · wall_segment Stone Wall x1 |
| 34:31 | Čiko · wall_segment Stone Wall x6 |
| 34:54 | Čiko · wall_segment Stone Wall x1 |
| 35:20 | Čiko · wall_segment Stone Wall x7 |
| 35:26 | Čiko · wall_segment Stone Wall x5 |
| 35:29 | Čiko · wall_segment Stone Wall x1 |
| 36:15 | Čiko · wall_segment Stone Wall x3 |
| 36:16 | Čiko · wall_segment Stone Wall x12 |
| 39:11 | Mascherano014 · resign |
[ AI ANALYSIS · 1 CREDIT ]
What really happened in this match?
Wolo.gg analyzes every decision: build order, eco, micro, common mistakes by bracket. Personalized analysis on WhatsApp or Discord in 30 seconds.
Civ guide
Incas
Perfil
CeCa_Mascherano014